Map: Bridgehead LE (Void)

Players

HzVee

  • Race: Protoss Protoss
  • League: Grandmaster

Kai - Winner!

  • Race: Zerg Zerg
  • League: Grandmaster

VOD

Have the link to the VOD?

Description

Time

  • Played on: Sept. 28, 2015, 10:33 p.m.
  • Length: 15:00
Show
View Real Time Build Order
Export as new Build Order

HzVee Protoss 

Build Orders:  

Get SALT Encoding   

  12  0:02  Probe (Chrono Boost)  
  13  0:12  Probe (Chrono Boost)  
  14  0:19  Pylon  
  14  0:22  Probe (Chrono Boost)  
  15  0:41  Gateway  
  15  0:43  Probe (Chrono Boost)  
  15  0:45  Assimilator  
  16  0:53  Probe (Chrono Boost)  
  17  1:02  Probe (Chrono Boost)  
  18  1:12  Probe (Chrono Boost)  
  19  1:18  Gateway  
  19  1:25  Pylon  
  19  1:29  Probe (Chrono Boost)  
  19  1:32  Cybernetics Core  
  20  1:38  Assimilator  
  20  1:39  Probe (Chrono Boost)  
  21  1:43  Zealot  
  23  2:00  Probe (Chrono Boost)  
  24  2:04  Pylon, Warp Gate (Chrono Boost)  
  24  2:09  Stalker  
  26  2:26  Pylon  
  26  2:32  Stalker  
  26  2:36  Probe  
  29  2:48  Mothership Core  
  31  2:52  Pylon  
  31  2:58  Forge  
  31  2:59  Stalker  
  31  3:05  Twilight Council  
  33  3:16  Adept  
  35  3:46  Nexus, Pylon  
  35  4:07  Probe  
  35  4:09  Protoss Ground Weapons Level 1 (Chrono Boost)  
  36  4:19  Probe  
  36  4:23  Stalker x2  
  41  4:32  Robotics Facility  
  41  4:37  Probe  
  42  4:46  Shield Upgrade (Chrono Boost)  
  42  4:49  Probe  
  43  4:55  Pylon  
  43  5:07  Probe  
  44  5:18  Stalker x2  
  44  5:19  Probe  
  49  5:25  Immortal  
  53  5:31  Probe  
  54  5:43  Probe, Pylon  
  54  5:49  Pylon  
  55  5:58  Gateway, Adept x2  
  59  6:12  Warp Prism  
  61  6:29  Adept x2  
  61  6:32  Probe  
  66  6:36  Assimilator  
  66  6:38  Protoss Shields Level 1 (Chrono Boost)  
  66  6:39  Assimilator  
  66  6:44  Probe  
  67  6:49  Immortal  
  71  6:56  Probe  
  71  6:57  Stalker  
  71  6:58  Stalker  
  76  7:08  Probe  
  77  7:20  Probe  
  78  7:24  Nexus  
  78  7:28  Immortal  
  82  7:33  Pylon  
  78  7:38  Stalker x3  
  74  7:47  Probe  
  75  8:00  Probe  
  76  8:09  Photon Cannon  
  76  8:12  Probe  
  77  8:13  Photon Cannon  
  77  8:21  Photon Cannon  
  77  8:24  Probe  
  77  8:25  Pylon  
  78  8:35  Probe  
  78  8:36  Probe  
  80  8:45  Probe  
  81  8:51  Stalker  
  81  8:55  Probe  
  84  9:17  Probe  
  84  9:22  Pylon  
  84  9:24  Photon Cannon  
  85  9:27  Probe  
  85  9:28  Probe, Photon Cannon  
  87  9:36  Probe  
  87  9:40  Probe  
  89  9:52  Probe  
  66  10:04  Probe  
  66  10:05  Immortal (Chrono Boost)  
  63  10:16  Stalker x3, Probe  
  66  10:29  Probe  
  67  10:38  Immortal (Chrono Boost)  
  67  10:41  Probe  
  66  10:53  Mothership Core  
  63  10:57  Stalker  
  63  10:58  Stalker x2  
  63  11:10  Immortal (Chrono Boost)  
  61  11:32  Pylon  
  61  11:38  Stalker x3  
  67  11:43  Immortal (Chrono Boost)  
  67  11:45  Robotics Bay  
  67  11:46  Assimilator  
  71  11:49  Probe  
  72  12:01  Probe  
  73  12:08  Photon Cannon  
  73  12:12  Stalker  
  73  12:13  Stalker x2, Probe  
  80  12:25  Probe  
  80  12:26  Pylon  
  81  12:37  Gateway  
  81  12:39  Gateway  
  81  12:41  Gateway  
  81  12:48  Zealot x2  
  85  12:53  Zealot  
  85  12:57  Gateway  
  87  12:59  Gateway  
  81  13:28  Immortal (Chrono Boost), Nexus  
  81  13:31  Pylon  
  84  13:37  Stalker x3  
  84  14:01  Immortal (Chrono Boost)  
  88  14:03  Stalker x3  
  61  14:34  Zealot x2  
  68  14:43  Zealot  
Show
View Real Time Build Order
Export as new Build Order

Kai Zerg - Winner!

Build Orders: Hatch First, Lurkers 

Get SALT Encoding   

  12  0:02  Drone  
  13  0:32  Hatchery  
  13  0:34  Drone  
  13  0:41  Drone  
  14  0:56  Spawning Pool  
  13  1:05  Drone  
  13  1:06  Overlord  
  14  1:11  Extractor  
  14  1:13  Drone  
  14  1:26  Drone  
  14  1:31  Drone  
  16  1:43  Queen  
  16  1:46  Queen  
  20  1:50  Drone  
  20  1:54  Drone  
  22  1:58  Drone  
  23  2:02  Drone  
  24  2:13  Zergling x2  
  24  2:14  Overlord  
  25  2:16  Drone  
  26  2:36  Roach Warren  
  25  2:40  Zergling x4  
  25  2:43  Drone  
  28  2:47  Zergling x4  
  28  2:48  Zergling x2  
  31  3:00  Spine Crawler  
  31  3:02  Drone x3  
  31  3:04  Drone  
  34  3:06  Drone  
  35  3:16  Metabolic Boost  
  35  3:19  Drone  
  36  3:26  Lair  
  36  3:29  Overlord  
  36  3:41  Overlord  
  35  3:46  Overlord  
  35  3:53  Roach x2  
  35  3:54  Roach x2  
  43  4:02  Drone x2  
  45  4:07  Drone x2  
  45  4:08  Drone  
  48  4:17  Drone x4, Extractor  
  50  4:19  Drone  
  52  4:41  Spire  
  52  4:45  Drone x4  
  55  4:52  Overlord  
  55  4:54  Extractor  
  55  4:57  Hatchery, Extractor  
  52  5:06  Drone x2  
  54  5:10  Zergling x2  
  55  5:20  Roach  
  55  5:21  Roach  
  59  5:22  Drone x3  
  62  5:42  Overlord  
  62  5:43  Overlord  
  62  5:46  Zergling x8  
  62  5:49  Spine Crawler  
  65  6:03  Zergling x4  
  67  6:06  Hatchery  
  67  6:08  Evolution Chamber  
  65  6:14  Drone x2  
  65  6:15  Evolution Chamber  
  66  6:20  Overseer  
  66  6:29  Infestation Pit  
  66  6:30  Mutalisk x2  
  66  6:31  Mutalisk x2  
  66  6:32  Mutalisk  
  75  6:35  Drone x3  
  75  6:37  Mutalisk  
  80  6:42  Glial Reconstitution  
  80  6:48  Zerg Ground Armor Level 1  
  80  6:54  Zerg Melee Weapons Level 1  
  80  7:01  Drone x2  
  80  7:02  Drone x2  
  80  7:03  Queen  
  86  7:23  Zergling x2  
  86  7:25  Overlord x3  
  86  7:27  Drone  
  87  7:39  Overlord  
  87  7:42  Queen  
  89  7:44  Spine Crawler  
  89  7:48  Zergling x4  
  89  7:49  Hive  
  89  7:50  Drone  
  89  7:51  Drone x2  
  93  7:53  Drone x3  
  93  7:56  Roach  
  93  7:57  Roach x2  
  102  8:04  Roach x3  
  108  8:11  Hydralisk Den  
  107  8:14  Drone  
  107  8:16  Zergling x4  
  107  8:17  Overlord x2  
  110  8:30  Drone x2  
  110  8:31  Drone x2  
  110  8:32  Zergling x4  
  110  8:34  Roach  
  118  8:42  Roach  
  118  8:43  Hydralisk x2  
  118  8:48  Drone x2  
  126  8:51  Drone  
  126  8:52  Drone x2  
  126  8:54  Extractor  
  128  8:56  Extractor  
  128  9:01  Roach  
  128  9:02  Overlord  
  129  9:03  Overlord  
  129  9:17  Pneumatized Carapace  
  129  9:19  Roach x2  
  129  9:21  Hydralisk x2, Muscular Augments  
  137  9:25  Drone x3  
  137  9:26  Drone  
  137  9:27  Drone x3  
  137  9:29  Extractor  
  137  9:30  Drone x4  
  147  9:35  Roach  
  147  9:36  Roach  
  151  9:39  Zergling x2  
  152  9:47  Hydralisk  
  152  9:52  Adrenal Glands  
  143  9:55  Roach x2  
  135  10:01  Zergling x12  
  135  10:04  Roach  
  135  10:05  Roach x2  
  135  10:06  Hydralisk x2, Roach  
  135  10:07  Hydralisk x2  
  151  10:21  Zerg Ground Armor Level 2, Ultralisk Cavern  
  150  10:23  Zerg Melee Weapons Level 2  
  150  10:24  Zergling x2  
  142  10:55  Zergling x6  
  142  10:56  Overlord x3  
  131  11:01  Zergling x6  
  131  11:02  Zergling x6  
  127  11:05  Zergling x6  
  127  11:06  Zergling x6  
  127  11:09  Ultralisk x3  
  127  11:11  Chitinous Plating  
  145  11:13  Ultralisk  
  141  11:19  Zergling x2  
  141  11:20  Zergling x4  
  141  11:25  Extractor  
  143  11:29  Ultralisk  
  149  11:33  Lurker Den  
  149  11:43  Hatchery  
  148  11:51  Zergling x6  
  151  12:04  Ultralisk x2  
  151  12:05  Zergling x2  
  151  12:07  Zergling x2  
  151  12:08  Zergling x2  
  166  12:10  Zergling x2  
  166  12:14  Hatchery  
  166  12:19  Zergling x4  
  166  12:20  Zergling x10  
  175  12:23  Roach  
  175  12:32  Overlord x3  
  175  12:45  Zerg Missile Weapons Level 1  
  175  12:54  Zergling x2  
  175  12:55  Zergling x4  
  175  12:56  Zergling x2  
  175  12:57  Zergling x8  
  183  12:59  Zergling x4  
  183  13:00  Zergling x2  
  186  13:16  Zergling x2  
  186  13:29  Extractor  
  186  13:32  Zergling x8  
  186  13:33  Ultralisk  
  195  13:37  Lurker  
  195  13:38  Lurker x3  
  199  13:47  Greater Spire  
  196  14:29  Zergling x6  
Tags
 
Add a new tag
Caveats
  • Supply blocks, unpowered buildings, or Contaminate may cause inaccurate times.
  • Supply counts are checked every 10 seconds.